 Dungeon Crawl Stone Soup version 0.29.1-2-gbd0b4ee654 (webtiles) character file.

Game seed: 8084433148727367950

1683 laros the Trooper (level 8, -9/74 HPs)
             Began as a Minotaur Berserker on Nov 23, 2022.
             Was a Believer of Trog (penitent).
             Mangled by a polar bear (21 damage)
             ... created by the rage of Trog
             ... on level 6 of the Dungeon.
             The game lasted 00:56:14 (7837 turns).

laros the Trooper (Minotaur Berserker)              Turns: 7837, Time: 00:56:15

Health: -9/74      AC: 17    Str: 25    XL:     8   Next: 71%
Magic:  16/16      EV:  8    Int:  4    God:    Trog [**....]
Gold:   211        SH:  0    Dex:  9    Spells: 4/7 levels left

rFire   . . .      SeeInvis .   b - +0 war axe
rCold   . . .      Faith    .   (no shield)
rNeg    . . .      Spirit   .   w - +0 plate armour
rPois   +          Reflect  .   (helmet restricted)
rElec   .          Harm     .   v - +2 cloak {rPois}
rCorr   .          Rampage  .   (no gloves)
Will    .....                   d - +0 pair of boots
Stlth   ..........              (no amulet)
HPRegen 0.22/turn               z - ring of magical power
MPRegen 0.15/turn               (no ring)

@: slowed, very slow
A: horns 2, retaliatory headbutt
a: Renounce Religion


You were on level 6 of the Dungeon.
You worshipped Trog.
Trog was demanding penance.
You visited 1 branch of the dungeon, and saw 6 of its levels.

You collected 237 gold pieces.
You spent 26 gold pieces at shops.

Inventory:

Hand Weapons
 b - a +0 war axe (weapon)
 g - a +2 mace of holy wrath
 A - a +0 halberd of flaming
Missiles
 c - 12 poisoned darts
 l - 6 javelins (quivered)
Armour
 d - a +0 pair of boots (worn)
 v - a +2 cloak of poison resistance (worn)
 w - a +0 plate armour (worn)
 B - +0 acid dragon scales
Jewellery
 z - a ring of magical power (left hand)
Wands
 r - a wand of paralysis (10)
Scrolls
 a - a scroll of fear {unknown}
 n - a scroll of butterflies
 o - 4 scrolls of teleportation
 s - 3 scrolls of vulnerability {unknown}
 u - a scroll of poison {unknown}
 x - 2 scrolls of silence {unknown}
 y - a scroll of magic mapping
Potions
 e - 4 potions of curing
 f - a potion of berserk rage
 h - 2 potions of haste
 i - a potion of might
 j - a potion of mutation {unknown}
 k - 2 potions of ambrosia
 m - a potion of brilliance {unknown}
 p - a potion of magic
 q - a potion of heal wounds
 t - 2 potions of resistance {unknown}


   Skills:
 + Level 7.8 Fighting
 + Level 7.6 Axes
 + Level 6.9 Armour
 + Level 6.3 Dodging


You had 4 spell levels left.
You knew the following spells:

 Your Spells              Type           Power      Damage    Failure   Level
a - Gell's Gravitas       Tloc           0%         N/A       100%        3

Your spell library contained the following spells:

 Spells                   Type           Power      Damage    Failure   Level
 Lesser Beckoning         Tloc           0%         N/A       100%        3
 Teleport Other           Tloc           0%         N/A       100%        3


Dungeon Overview and Level Annotations

Branches:
Dungeon (6/15)             Temple (0/1) D:6

Altars:
Wu Jian

Shops:
D:1 *

Annotations:
D:4 3 runed translucent doors, DildoBatman's ghost, amateur FoCj


Innate Abilities, Weirdness & Mutations

You have a pair of horns on your head.
You reflexively headbutt those who attack you in melee.


Message History

a +0 halberd of flaming; +0 acid dragon scales; the human corpse of Maggie
A - a +0 halberd of flaming; B - +0 acid dragon scales Number of times to repeat, then command key: You must enter the number of times for the command to repeat.
Trog's voice booms out, "Feel my wrath!"
You suddenly feel lethargic!
You feel yourself slow down. The divine experience confuses you!
You are confused.
You start resting.
You feel less confused.
You start resting.
Trog sends monsters to punish you. 3 polar bears and a black bear come into view.
The polar bear rages. x2
The polar bear bites you!
* * * LOW HITPOINT WARNING * * *
The polar bear claws you but does no damage.
The polar bear claws you.
* * * LOW HITPOINT WARNING * * *
The polar bear attacks as you move away!
The polar bear barely misses you.
The polar bear claws you but does no damage. x2
The polar bear completely misses you.
The polar bear claws you but does no damage. x2
The polar bear attacks as you move away!
The polar bear bites you but does no damage.
The polar bear barely misses you.
The polar bear claws you but does no damage.
The polar bear bites you.
* * * LOW HITPOINT WARNING * * *
The polar bear claws you but does no damage.
The polar bear closely misses you.
There is a stone staircase leading up, spattered with blood here.
You can't go down here!
The polar bear closely misses you.
The polar bear claws you but does no damage. x2
The polar bear closely misses you. The polar bear completely misses you.
The polar bear claws you but does no damage.
The polar bear bites you!!
You die...

#.......###.......# #.
####..............##.#
#.
...........###.##.##.#
#. #.......###.##.##.#
#. #..†...$....##.##.#
#. #......h######.##.#
## #####.#h# #.##.#
#.#h######.##.# #
#+#@.......##.## #
#...#########...# #
#.... ##.#.# # #.....
##....# # #......
####...)###### +......
+............. #......
####....###### ##.....
##.#.# #. ###.# #.


You could see 3 polar bears.

Vanquished Creatures
  Pikel (D:4)
  Maggie (D:6)
  Menkaure (D:4)
  Edmund (D:6)
  A water moccasin (D:5)
  An ice beast (D:6)
  2 lemures
  4 hounds (D:5)
  Crazy Yiuf (D:4)
  2 orc wizards (D:4)
  4 iguanas
  3 gnolls (D:5)
  10 adders
  4 worms
  16 orcs
  7 ball pythons
  6 endoplasms
  5 giant cockroaches
  5 goblins
  2 hobgoblins (D:1)
  3 jackals
  4 quokkas
  5 bats
  2 frilled lizards (D:2)
  5 kobolds
  6 rats
102 creatures vanquished.

Notes
Turn   | Place    | Note
-------+----------+-------------------------------------------
     0 | D:1      | laros the Minotaur Berserker began the quest for the Orb.
     0 | D:1      | Reached XP level 1. HP: 19/19 MP: 0/0
   392 | D:1      | Reached XP level 2. HP: 13/27 MP: 1/1
   576 | D:1      | Found Irhiliri's General Store.
   585 | D:1      | Bought a scroll of identify for 26 gold pieces
  1658 | D:2      | Reached XP level 3. HP: 34/34 MP: 2/2
  2266 | D:2      | Found a faded altar of an unknown god.
  2438 | D:2      | Reached XP level 4. HP: 41/41 MP: 3/3
  3925 | D:3      | Reached ** piety under Trog
  4634 | D:4      | Reached skill level 5 in Fighting
  4687 | D:4      | Noticed a lemure
  4687 | D:4      | Noticed a lemure
  4737 | D:3      | Killed a lemure
  4786 | D:4      | Killed a lemure
  4902 | D:4      | Noticed Pikel
  4905 | D:4      | Noticed a lemure
  4907 | D:4      | Noticed a lemure
  4911 | D:4      | Killed Pikel
  4912 | D:4      | Reached skill level 5 in Axes
  4912 | D:4      | Reached skill level 5 in Armour
  4912 | D:4      | Reached XP level 5. HP: 50/50 MP: 4/4
  4912 | D:4      | Reached XP level 6. HP: 57/57 MP: 5/5
  4912 | D:4      | Reached XP level 7. HP: 63/63 MP: 6/6
  5450 | D:4      | Found a runed translucent gate.
  5451 | D:4      | Found a runed translucent gate.
  5452 | D:4      | Found a runed translucent gate.
  5454 | D:4      | Noticed DildoBatman's ghost (amateur FoCj)
  5491 | D:4      | Noticed Menkaure
  5504 | D:4      | Killed Menkaure
  5897 | D:4      | Found a runed translucent door.
  5898 | D:4      | Noticed Crazy Yiuf
  6383 | D:4      | Killed Crazy Yiuf
  6384 | D:4      | Reached skill level 5 in Dodging
  6503 | D:5      | Entered Level 5 of the Dungeon
  6749 | D:5      | Reached XP level 8. HP: 71/71 MP: 7/7
  7161 | D:6      | Noticed Edmund
  7172 | D:6      | Killed Edmund
  7386 | D:6      | Found an ornate altar of the Wu Jian Council.
  7480 | D:6      | Found a staircase to the Ecumenical Temple.
  7612 | D:6      | Was placed under penance by Trog
  7616 | D:6      | Learned a level 3 spell: Gell's Gravitas
  7734 | D:6      | Noticed Maggie
  7755 | D:6      | Killed Maggie
  7833 | D:6      | Noticed a polar bear
  7833 | D:6      | Noticed a polar bear
  7833 | D:6      | Noticed a polar bear
  7837 | D:6      | Mangled by a polar bear

Illustrated notes

Levels and vault maps discovered:
D:1:      dpeg_arrival_shelter, layout_loops_ring, serial_shops,
          nicolae_shop_advertising_works [nicolae_subvault_shop_adworks],
          serial_park_tiny_2
D:2:      layout_rooms, hellmonk_ecumenical_altar_arch_garden
D:3:      layout_basic
D:4:      layout_basic, ebering_ghost_rock_garden, uniq_menkaure, uniq_pikel,
          uniq_crazy_yiuf_cottage
D:5:      layout_gridville
D:6:      layout_loops_corners, mainiacjoe_overflow_cross_hatched,
          minmay_temple_entry_poolview, minmay_between, uniq_edmund, uniq_maggie

Skill      XL: |  1  2  3  4  5  6  7  8 |
---------------+-------------------------+-----
Fighting       | 4 6 7 |  7.8
Axes           | 4 5 6 7 |  7.6
Armour         | 3 5 6 |  6.9
Dodging        | 4 5 6 |  6.3

Action                   |  1- 3 |  4- 6 |  7- 9 || total
-------------------------+-------+-------+-------++-------
Melee: Hand axe          |    83 |    35 |       ||   118
       Headbutt          |    14 |    17 |    24 ||    55
       War axe           |       |    44 |   123 ||   167
       Punch             |       |       |     3 ||     3
Throw: Dart              |     1 |     2 |       ||     3
       Javelin           |       |     2 |       ||     2
Invok: Berserk           |     3 |     6 |     3 ||    12
  Use: Scroll            |     4 |     7 |     3 ||    14
Armor: Animal skin       |     4 |       |       ||     4
       Ring mail         |    21 |     8 |       ||    29
       Scale mail        |       |    25 |    40 ||    65
       Plate armour      |       |       |    21 ||    21
Dodge: Dodged            |    46 |    33 |    68 ||   147
